 Dungeon Sprint DCSS version 0.28.0-43-g3370ac3207 (webtiles) character file.

Game seed: 2408475094678026347

8021 boopmooplesden the Executioner (level 11, -3/121 HPs)
             Began as a Minotaur Berserker on Mar 10, 2022.
             Was a High Priest of Trog.
             Succumbed to a death drake's dark miasma
             ... in the Dungeon (Sprint II: "The Violet Keep of Menkaure").
             The game lasted 00:05:33 (1684 turns).

boopmooplesden the Executioner (Minotaur Berserker) Turns: 1684, Time: 00:05:34

Health: -3/121     AC: 13    Str: 26    XL:     11   Next: 4%
Magic:  10/10      EV: 12    Int:  4    God:    Trog [*****.]
Gold:   853        SH:  0    Dex:  7    Spells: 10/10 levels left

rFire   + . .      SeeInvis .   y - +9 executioner's axe "Jeanotab" {vamp, rC++ rCorr Dex-3 Stlth+}
rCold   + + .      Faith    .   (shield currently unavailable)
rNeg    . . .      Spirit   .   z - +2 scale mail {rF+}
rPois   .          Reflect  .   (helmet restricted)
rElec   .          Harm     .   (no cloak)
rCorr   +          Rampage  .   (no gloves)
Will    .....      NoTele   +   j - +1 pair of boots {Stlth+}
Stlth   +++.......              (no amulet)
HPRegen 0.30/turn               (no ring)
MPRegen 0.12/turn               (no ring)

@: lethally poisoned (-3 -> -41), slowed, very slow
A: horns 2, retaliatory headbutt, subdued magic 1
a: Renounce Religion, Berserk, Trog's Hand, Brothers in Arms


You were in the Dungeon.
You worshipped Trog.
Trog was extremely pleased with you.
You visited 1 branch You collected 1371 gold pieces.
You spent 518 gold pieces at shops.

Inventory:

Hand Weapons
 a - a +0 hand axe
 i - a +7 war axe of flaming
 y - the +9 executioner's axe "Jeanotab" (weapon) {vamp, rC++ rCorr Dex-3 Stlth+}
   (You acquired it in the Dungeon)

   It occasionally heals its wielder for a portion of the damage dealt when it
   wounds a living foe.
   Dex:       It affects your dexterity (-3).
   rC:        It greatly protects you from cold.
   rCorr:     It protects you from acid and corrosion.
   Stlth:     It makes you more stealthy.
Armour
 b - a +0 animal skin
 j - a +1 pair of boots of stealth (worn)
 k - a +0 ring mail of positive energy
 z - a +2 scale mail of fire resistance (worn)
Jewellery
 r - an amulet of the acrobat
Scrolls
 h - 2 scrolls of blinking
 m - a scroll of immolation {unknown}
 n - a scroll of fog {unknown}
 p - a scroll of amnesia {unknown}
 q - a scroll of enchant armour {unknown}
 s - 2 scrolls of identify
 t - a scroll of magic mapping {unknown}
 v - a scroll of summoning {unknown}
 x - a scroll of vulnerability
Potions
 c - 4 potions of curing
 e - a potion of haste
 f - 5 potions of magic
 g - a potion of berserk rage
 l - 2 potions of flight
 o - 2 potions of lignification {unknown}
 u - a potion of might {unknown}
 w - 5 potions of resistance


   Skills:
 + Level 18.6 Fighting
 + Level 21.0 Axes
 + Level 11.5 Armour
 + Level 9.2 Dodging
 + Level 3.0 Stealth


You had 10 spell levels left.
You didn't know any spells.
Your spell library was empty.

Dungeon Overview and Level Annotations

Branches:
Dungeon (1/1)

Altars:
Cheibriados
Dithmenos
Elyvilon
Fedhas
Gozag
Hepliaklqana
Kikubaaqudgha
Makhleb
Nemelex Xobeh
Okawaru
Qazlal
Ru
Sif Muna
Trog
Uskayaw
Vehumet
Wu Jian
Xom
Yredelemnul
Zin
The Shining One
Beogh
Jiyva
Lugonu

Shops:
D !::[(==(=!(?!:[

Annotations:
D exclusions: ice statue, obsidian statue and oklob plant, Roxanne


Innate Abilities, Weirdness & Mutations

You have a pair of horns on your head.
You reflexively headbutt those who attack you in melee.
Your spells are a little easier to cast, but a little less powerful.


Message History

The death drake breathes miasma at you. The foul vapour engulfs you.
You are poisoned.
Your Axes skill increases to level 21!
You are engulfed in dark miasma.
You are more poisoned.
You feel extremely sick.
You feel extremely sick.
You feel extremely sick. The death drake breathes miasma at you.
The foul vapour engulfs you but does no damage.
You are engulfed in dark miasma.
You are more poisoned.
You feel extremely sick.
There is an open door here.
You are engulfed in dark miasma.
You are lethally poisoned!
You feel yourself slow down.
You feel extremely sick.
There's a creature in the doorway!
You barely miss the death drake. You headbutt the death drake!
The death drake is moderately wounded.
* * * LOW HITPOINT WARNING * * *
You feel extremely sick. The death drake bites you.
* * * LOW HITPOINT WARNING * * *
The death drake breathes miasma at you.
The foul vapour engulfs you but does no damage.
You feel better.
You are engulfed in dark miasma.
You are poisoned.
* * * LOW HITPOINT WARNING * * *
x2 You feel extremely sick.
The death drake bites you but does no damage.
You slash the death drake!
You feel better.
You headbutt the death drake, but do no damage.
The death drake is moderately wounded.
You are engulfed in dark miasma.
You are lethally poisoned!
* * * LOW HITPOINT WARNING * * *
You die...

kK.≈## .... #.○.▓≈≈
#####c≈#+++#+++## #::▓▓▓
####≈≈≈.........# #[)▓:.
...#≈≈≈≈.##'##..# #. #○:▓..
...#≈≈≈≈###.###.#### +.##.#[)▓([
∩..#≈≈≈≈#..#..#....# ..k####▓..
.⌠.#≈≈####.#.####..## #.k##.#▓([
∩..#≈##.###†###°##°°# +.5#..#▓(.
...#≈#.#.##)##°°@#°°# #.K#†)#▓.(
...'≈'##.'.<)+###k°.####..##.#▓.[
...#≈##..##.##..°#°°..###§..##▓▓▓
▓###≈##.###'###.##°°..).≈≈≈≈≈≈≈≈≈
####≈≈####.#.####≈≈k....≈#+######
##≈≈≈#..#..#≈§≈≈§§≈..≈#.._._._ .
#'#≈##...##≈≈≈§≈≈≈≈.≈#._._._. ##
#[#≈≈##'##≈≈≈≈§§≈≈≈≈≈#_._._._ #≈§
####≈≈≈≈○≈°≈≈≈≈≈§≈§≈≈#._._._.


You could see a death drake (catching breath) and a swamp drake.

Vanquished Creatures
  A kraken (D)
  Kirke (D)
  A yaktaur captain (D)
  A centaur warrior (D)
  2 boulder beetles (D)
  2 deep trolls (D)
  A kobold demonologist (D)
  A yaktaur (D)
  3 polar bears (D)
  A hornet (D)
  4 neqoxecs (D)
  4 water moccasins (D)
  4 necrophages (D)
  5 scorpions (D)
  4 tentacles (D)
35 creatures vanquished.

Vanquished Creatures (others)
  3 shining eyes (D)
  An elephant (D)
  Menkaure (D)
  A water moccasin (D)
  16 tentacles (D)
22 creatures vanquished.

Grand Total: 57 creatures vanquished

Notes
Turn   | Place    | Note
-------+----------+-------------------------------------------
     0 | D        | boopmooplesden the Minotaur Berserker began the quest for
                  | the Orb.
     0 | D        | Reached XP level 1. HP: 19/19 MP: 0/0
     1 | D        | Noticed a scorpion
     1 | D        | Noticed a scorpion
     1 | D        | Noticed a scorpion
     1 | D        | Noticed a scorpion
     3 | D        | Killed a scorpion
     4 | D        | Reached skill level 6 in Axes
     4 | D        | Reached XP level 2. HP: 31/31 MP: 1/1
     4 | D        | Reached XP level 3. HP: 38/38 MP: 2/2
     7 | D        | Killed a scorpion
     8 | D        | Reached skill level 7 in Axes
     8 | D        | Reached XP level 4. HP: 48/48 MP: 3/3
     9 | D        | Killed a scorpion
     9 | D        | Reached ** piety under Trog
    10 | D        | Reached skill level 9 in Axes
    10 | D        | Reached XP level 5. HP: 56/56 MP: 4/4
    12 | D        | Reached skill level 5 in Armour
    56 | D        | Noticed a boulder beetle
    56 | D        | Noticed a boulder beetle
    59 | D        | Noticed a necrophage
    59 | D        | Noticed a necrophage
    59 | D        | Noticed a necrophage
    59 | D        | Noticed a necrophage
    62 | D        | Killed a necrophage
    63 | D        | Reached skill level 10 in Fighting
    63 | D        | Reached skill level 10 in Axes
    63 | D        | Reached skill level 5 in Dodging
    63 | D        | Reached XP level 6. HP: 67/67 MP: 5/5
    65 | D        | Reached skill level 11 in Axes
    69 | D        | Reached *** piety under Trog
    75 | D        | Reached skill level 12 in Axes
    75 | D        | Reached XP level 7. HP: 63/75 MP: 6/6
   117 | D        | Noticed a neqoxec
   117 | D        | Noticed a neqoxec
   117 | D        | Noticed a neqoxec
   117 | D        | Noticed a neqoxec
   123 | D        | Killed a neqoxec
   123 | D        | Gained mutation: Your spells are a little easier to cast,
                  | but a little less powerful. [a neqoxec]
   127 | D        | Killed a neqoxec
   128 | D        | Reached skill level 13 in Axes
   131 | D        | Killed a neqoxec
   131 | D        | Reached **** piety under Trog
   132 | D        | Killed a neqoxec
   133 | D        | Reached XP level 8. HP: 48/86 MP: 7/7
   155 | D        | Killed Menkaure
   310 | D        | Found Bydegh's Distillery.
   310 | D        | Found Watuxac's Antique Armour Emporium.
   310 | D        | Found Qecis's Jewellery Shoppe.
   310 | D        | Found Buk Byfu's Magic Scroll Shoppe.
   310 | D        | Found Vupoiruq's Book Shoppe.
   310 | D        | Found Erphiorch's Antique Weapon Emporium.
   310 | D        | Found Vulokot's Antique Weapon Emporium.
   310 | D        | Found Gamujeor's Jewellery Shoppe.
   311 | D        | Found Eloaluoti's Jewellery Shoppe.
   311 | D        | Found Lioghiw's Distillery.
   311 | D        | Found Homu's Antique Weapon Shoppe.
   319 | D        | Reached skill level 14 in Axes
   340 | D        | Found Mibrybuc's Antique Armour Shoppe.
   340 | D        | Found Piqangua's Book Emporium.
   340 | D        | Noticed an oklob plant
   341 | D        | Found Hoosu's Distillery.
   341 | D        | Found Xauboil's Book Shoppe.
   343 | D        | Noticed an ice dragon
   358 | D        | Bought a glowing war axe for 156 gold pieces
   370 | D        | Bought a pair of embroidered boots for 180 gold pieces
   379 | D        | Bought a shiny ring mail for 182 gold pieces
   400 | D        | Noticed an ice statue
   419 | D        | Found a hazy altar of Hepliaklqana.
   419 | D        | Found a snail-covered altar of Cheibriados.
   594 | D        | Found a stormy altar of Qazlal.
   594 | D        | Found a viscous altar of Jiyva.
   594 | D        | Found a shadowy altar of Dithmenos.
   595 | D        | Found a sacrificial altar of Ru.
   595 | D        | Found an ancient bone altar of Kikubaaqudgha.
   595 | D        | Found a white marble altar of Elyvilon.
   596 | D        | Found an ornate altar of the Wu Jian Council.
   596 | D        | Found a shimmering blue altar of Sif Muna.
   596 | D        | Found a corrupted altar of Lugonu.
   597 | D        | Found a shimmering altar of Xom.
   597 | D        | Found a bloodstained altar of Trog.
   597 | D        | Found a burning altar of Makhleb.
   598 | D        | Found a glowing golden altar of the Shining One.
   598 | D        | Found a basalt altar of Yredelemnul.
   598 | D        | Found a hide-covered altar of Uskayaw.
   599 | D        | Found a glowing silver altar of Zin.
   600 | D        | Noticed a yaktaur
   600 | D        | Noticed a hornet
   600 | D        | Noticed a polar bear
   601 | D        | Noticed a polar bear
   601 | D        | Noticed a polar bear
   603 | D        | Killed a polar bear
   605 | D        | Killed a hornet
   605 | D        | Reached ***** piety under Trog
   606 | D        | Reached skill level 15 in Axes
   608 | D        | Killed a yaktaur
   609 | D        | Reached skill level 1 in Stealth
   611 | D        | Killed a polar bear
   612 | D        | Reached skill level 15 in Fighting
   612 | D        | Reached skill level 16 in Axes
   612 | D        | Reached XP level 9. HP: 97/97 MP: 8/8
   614 | D        | Killed a polar bear
   623 | D        | Found a radiant altar of Vehumet.
   630 | D        | Noticed a kraken
  1042 | D        | Identified a scroll of acquirement
  1042 | D        | Acquired the +9 executioner's axe "Jeanotab" {vamp, rC++
                  | rCorr Dex-3 Stlth+}
  1053 | D        | Found a sparkling altar of Nemelex Xobeh.
  1053 | D        | Found a blossoming altar of Fedhas.
  1054 | D        | Found an iron altar of Okawaru.
  1054 | D        | Found an opulent altar of Gozag.
  1071 | D        | Noticed a deep troll
  1072 | D        | Noticed a deep troll
  1076 | D        | Killed a deep troll
  1076 | D        | Received a gift from Trog
  1077 | D        | Reached skill level 17 in Axes
  1081 | D        | Killed a deep troll
  1082 | D        | Reached skill level 18 in Axes
  1117 | D        | Noticed Roxanne
  1219 | D        | Killed a kraken
  1220 | D        | Reached skill level 19 in Axes
  1220 | D        | Reached XP level 10. HP: 111/111 MP: 9/9
  1392 | D        | Killed a boulder beetle
  1393 | D        | Reached skill level 10 in Armour
  1401 | D        | Killed a boulder beetle
  1436 | D        | Noticed an obsidian statue
  1439 | D        | Noticed Kirke
  1439 | D        | Noticed a yaktaur captain
  1440 | D        | Noticed a lindwurm
  1463 | D        | HP: 3/112 [yaktaur captain (19)]
  1467 | D        | Killed a yaktaur captain
  1468 | D        | Reached skill level 20 in Axes
  1474 | D        | Killed Kirke
  1474 | D        | Received a gift from Trog
  1519 | D        | Killed a shining eye
  1523 | D        | Killed a shining eye
  1532 | D        | Noticed a centaur warrior
  1537 | D        | Killed a centaur warrior
  1538 | D        | Reached XP level 11. HP: 42/121 MP: 10/10
  1667 | D        | Noticed a death drake
  1671 | D        | Noticed a shining eye
  1675 | D        | Killed a shining eye
  1677 | D        | Reached skill level 21 in Axes
  1684 | D        | Succumbed to a death drake's dark miasma

Illustrated notes

Levels and vault maps discovered:
D:        the_violet_keep_of_menkaure [sprint2_stairs_cluster_1,
          sprint2_shoproom, sprint2_temple, sprint2_basic_supplies,
          sprint2_obstacle_2, sprint2_obstacle_6, sprint2_obstacle_3,
          sprint2_obstacle_5, sprint2_obstacle_7, sprint2_timed_cluster_1,
          sprint2_smallroom_cluster_1, sprint2_smallroom_final_cluster_1,
          sprint2_transparent_cluster_1, sprint2_second_timed_cluster_1,
          sprint2_sniper_area_1, sprint2_heavy_combat_area_1,
          sprint2_mutation_trap_area_1, sprint2_forest_area_1,
          sprint2_light_combat_area_1, sprint2_behind_water_1,
          sprint2_near_end_vault_1]

Skill      XL: |  1  2  3  4  5  6  7  8  9 10 11 |
---------------+----------------------------------+-----
Fighting       | 6 7 8 10 11 13 15 17 18 | 18.6
Axes           | 6 7 9 10 12 13 16 19 20 21 | 21.0
Armour         | 3 4 5 6 7 8 9 11 | 11.5
Dodging        | 3 4 5 6 7 8 9 |  9.2
Stealth        | 1 2 3 |  3.0

Action                   |  1- 3 |  4- 6 |  7- 9 | 10-12 || total
-------------------------+-------+-------+-------+-------++-------
Melee: Hand axe          |     5 |    14 |    20 |       ||    39
       Headbutt          |     2 |     3 |    11 |     5 ||    21
       War axe           |       |       |    20 |       ||    20
       Executioner's axe |       |       |    23 |    31 ||    54
Invok: Berserk           |     1 |     1 |     4 |     2 ||     8
  Use: Scroll            |       |       |     5 |       ||     5
       Potion            |       |       |       |     3 ||     3
 Stab: Distracted        |       |       |     1 |       ||     1
Armor: Animal skin       |       |     2 |       |       ||     2
       Ring mail         |       |       |    12 |     1 ||    13
       Scale mail        |       |       |       |    20 ||    20
Dodge: Dodged            |     1 |     8 |    45 |     6 ||    60
